 Dungeon Crawl Stone Soup version 0.32-a0-893-gf85d74f360 (webtiles) character file.

Game seed: 15305311830893997722

786 Leszczynek the Cudgeller (level 7, 0/76 HPs)
             Began as an Oni Warper on Apr 3, 2024.
             Was a Follower of the Shining One.
             Slain by a black bear (6 damage)
             ... on level 5 of the Dungeon.
             The game lasted 00:12:21 (3131 turns).

Leszczynek the Cudgeller (Oni Warper)               Turns: 3131, Time: 00:12:22

Health: 0/76       AC:  3    Str: 16    XL:     7   Next: 86%
Magic:  10/10      EV:  9    Int: 14    God:    the Shining One [*.....]
Gold:   218        SH:  0    Dex: 10    Spells: 10/10 levels left

rFire   + . .        l - +0 flail
rCold   . . .        (no shield)
rNeg    . . .        b - +0 robe
rPois   .            (helmet restricted)
rElec   .            (no cloak)
rCorr   .            (gloves unavailable)
SInv    +            (boots unavailable)
Will    .....        (no amulet)
Stlth   +            e - ring of see invisible
HPRegen 0.32/turn    m - ring of protection from fire
MPRegen 0.12/turn

%: no passive effects
@: glowing
A: large, unfitting armour, horns 1, tough skin 1, double potion healing,
drunken brawling
a: Renounce Religion, Divine Shield


You were on level 5 of the Dungeon.
You worshipped the Shining One.
The Shining One was aware of your devotion.
You visited 1 branch of the dungeon, and saw 5 of its levels.

You collected 218 gold pieces.

Inventory:

Hand Weapons
 a - a +0 mace
 l - a +0 flail (weapon)
Missiles
 d - 7 darts of dispersal (quivered)
 h - 6 boomerangs
 j - 6 poisoned darts
Armour
 b - a +0 robe (worn)
Jewellery
 e - a ring of see invisible (left hand)
 m - a ring of protection from fire (right hand)
 r - a ring of flight
Scrolls
 c - a scroll of blinking
 f - a scroll of acquirement {unknown}
 g - a scroll of amnesia {unknown}
 i - 3 scrolls of identify {unknown}
 k - 2 scrolls of teleportation {unknown}
 n - a scroll of vulnerability {unknown}
 o - a scroll of fear {unknown}
 q - a scroll of butterflies {unknown}
 t - a scroll of enchant armour {unknown}
Potions
 p - 2 potions of brilliance
 s - a potion of curing {@q1}


   Skills:
 + Level 6.8 Fighting
 * Level 7.1 Maces & Flails
 - Level 1.0 Throwing
 - Level 2.1 Dodging
 - Level 2.4 Spellcasting
 - Level 2.6 Translocations
 + Level 1.1 Invocations


You had 10 spell levels left.
You didn't know any spells.
Your spell library contained the following spells:

 Spells                   Type           Power      Damage    Failure   Level
 Blink                    Tloc           18%        N/A       12%         2
 Lesser Beckoning         Tloc           18%        N/A       12%         2
 Maxwell's Portable Pile  Tloc           9%         2d(6-16)  22%         3
 Teleport Other           Tloc           9%         N/A       22%         3
 Vhi's Electric Charge    Tloc/Air       10%        N/A       78%         4


Dungeon Overview and Level Annotations

Branches:
Dungeon (5/15)             Temple (0/1) D:5

Altars:
Dithmenos
Fedhas
Ru
The Shining One


Innate Abilities, Weirdness & Mutations

You are too large for most types of armour.
You have a pair of small horns on your head.
You have tough skin. (AC +1)
You gain doubled healing and magic from potions.
Whenever you drink a healing potion, you attack all around you.


Message History

The black bear claws you.
You hit the black bear.
You headbutt the black bear, but do no damage.
The black bear is heavily wounded.
The black bear bites you. The black bear closely misses you.
The black bear claws you but does no damage.
You are too injured to fight recklessly!
You are too injured to fight recklessly!
You hit the black bear.
The black bear is severely wounded.
The black bear goes berserk!
You barely miss the black bear.
The black bear is severely wounded.
The black bear bites you. The black bear claws you. x2
Unknown command.
You barely miss the black bear.
The black bear is severely wounded.
The black bear bites you but does no damage.
The black bear claws you but does no damage.
The black bear claws you. The black bear closely misses you.
The black bear claws you. The black bear closely misses you.
Unknown command.
You hit the black bear.
The black bear is almost dead.
The black bear bites you!
* * * LOW HITPOINT WARNING * * *
The black bear claws you.
* * * LOW HITPOINT WARNING * * *
The black bear claws you.
* * * LOW HITPOINT WARNING * * *
You hit the black bear.
The black bear is almost dead.
The black bear bites you.
* * * LOW HITPOINT WARNING * * *
The black bear misses you. The black bear completely misses you.
The black bear barely misses you. The black bear completely misses you.
The black bear claws you.
* * * LOW HITPOINT WARNING * * *
You fail to use your ability.
The black bear bites you.
You die...

..## ...# ## ...## #.##
.#### ....# #..# ......
....# #..# ...... ....##
#..# #......
.....#####.######.......
###.....##......#)......
####..........@h......
###................
####.............
#........#....
##.###...# ... ##. ...##
#. ....## #..## .##


You could see a black bear (berserk).

Vanquished Creatures
  Eustachio (D:4)
  A black bear (D:3)
  A centaur (D:5)
  A phantom (D:4)
  A crimson imp (D:3)
  A bombardier beetle (D:5)
  2 orc priests
  An iguana (D:4)
  2 orc wizards
  9 adders
  3 dart slugs
  3 ribbon worms
  9 orcs
  6 endoplasms
  7 giant cockroaches
  7 goblins
  5 hobgoblins
  4 jackals
  9 kobolds
  6 quokkas
  9 ball pythons
  2 bats
  4 frilled lizards
  A goblin skeleton (D:3)
  A goblin zombie (D:3)
  A hobgoblin zombie (D:3)
  2 kobold skeletons (D:3)
  4 kobold zombies (D:3)
  An orc skeleton (D:3)
  4 rats
108 creatures vanquished.

Notes
Turn   | Place    | Note
-------+----------+-------------------------------------------
     0 | D:1      | Leszczynek the Oni Warper began the quest for the Orb.
     0 | D:1      | Reached XP level 1. HP: 22/22 MP: 3/3
    68 | D:1      | HP: 4/22 [poisoned by a goblin]
    73 | D:1      | HP: 3/33 [poisoned by a goblin]
    90 | D:1      | HP: 3/33 [jackal (3)]
    91 | D:1      | Reached skill level 3 in Fighting
    94 | D:1      | Reached XP level 2. HP: 6/31 MP: 5/5
    98 | D:1      | HP: 4/46 [goblin/+0 hand axe (3)]
   451 | D:1      | Reached skill level 3 in Maces & Flails
   496 | D:1      | Reached XP level 3. HP: 28/37 MP: 6/6
   799 | D:2      | Reached XP level 4. HP: 42/48 MP: 7/7
   799 | D:2      | Found a glowing golden altar of the Shining One.
   816 | D:2      | Reached skill level 4 in Fighting
   830 | D:2      | Became a worshipper of the Shining One
   906 | D:2      | HP: 8/48 [adder (4)]
   912 | D:2      | HP: 10/72 [adder (1)]
   918 | D:2      | Reached skill level 4 in Maces & Flails
  1301 | D:3      | Reached XP level 5. HP: 42/55 MP: 8/8
  1545 | D:3      | Noticed a black bear
  1855 | D:3      | Found a glowing golden altar of the Shining One.
  1880 | D:3      | HP: 15/82 [black bear (3)]
  1884 | D:3      | Killed a black bear
  1885 | D:3      | Reached skill level 5 in Fighting
  1885 | D:3      | Reached skill level 5 in Maces & Flails
  1885 | D:3      | Reached XP level 6. HP: 52/66 MP: 9/9
  2008 | D:3      | Reached * piety under the Shining One
  2190 | D:4      | Noticed Eustachio
  2229 | D:5      | Entered Level 5 of the Dungeon
  2416 | D:4      | Reached skill level 6 in Maces & Flails
  2449 | D:4      | Reached XP level 7. HP: 70/74 MP: 10/10
  2475 | D:4      | Killed Eustachio
  2476 | D:4      | Reached skill level 6 in Fighting
  2661 | D:4      | Found a sacrificial altar of Ru.
  2661 | D:4      | Found a blossoming altar of Fedhas.
  2667 | D:4      | Found a faded altar of an unknown god.
  2669 | D:4      | Found a shadowy altar of Dithmenos.
  2670 | D:4      | Found a faded altar of an unknown god.
  2724 | D:5      | Found a staircase to the Ecumenical Temple.
  3124 | D:5      | Reached skill level 7 in Maces & Flails
  3124 | D:5      | Reached skill level 1 in Invocations
  3129 | D:5      | HP: 15/76 [black bear (8)]
  3130 | D:5      | HP: 6/76 [black bear (2)]
  3131 | D:5      | Slain by a black bear

Illustrated notes

Levels and vault maps discovered:
D:1:      nicolae_arrival_memento_mori, layout_loops_ring, serial_bayou_pond_e
D:2:      layout_loops_ring, basic_altar, minmay_heptomino_w4
D:3:      layout_basic, nicolae_tso_besieged_by_evil,
          hangedman_decor_peaks_small
D:4:      layout_gridville, chequers_temple_overflow_minitemple, uniq_eustachio
D:5:      layout_cave_pods, grunt_temple_overflow_champion_of_chaos,
          temple_fountains

Skill      XL: |  1  2  3  4  5  6  7 |
---------------+----------------------+-----
Fighting       | 3 4 5 6 |  6.8
Maces & Flails | 3 4 5 6 7 |  7.1
Invocations    | 1 |  1.1
Throwing       | |  1.0
Dodging        | |  2.1
Spellcasting   | |  2.4
Translocations | |  2.6

Action                     |  1- 3 |  4- 6 |  7- 9 || total
---------------------------+-------+-------+-------++-------
  Melee: Mace              |    51 |   209 |       ||   260
         Headbutt          |    13 |    28 |    14 ||    55
         Whip              |    51 |     6 |       ||    57
         Flail             |       |     5 |    55 ||    60
    Use: Potion            |     1 |     5 |       ||     6
 Armour: Skin              |    21 |    61 |       ||    82
         Robe              |    57 |   165 |    68 ||   290
  Dodge: Dodged            |    41 |   106 |    28 ||   175

Table legend: (Time is in decaauts)
 A = Elapsed time spent in this place.
 B = Non-inter-level travel time spent in this place.
 C = Inter-level travel time spent in this place.
 D = Time resting spent in this place.
 E = Time spent auto-exploring this place.
 F = Levels seen in this place.
 G = Mean time per level.
                   A        B        C        D        E       F      G
               +--------+--------+--------+--------+--------+-----+--------+
         Total |   3184 |   2797 |    387 |    650 |      0 |   5 |  636.8 |
       Dungeon |   3184 |   2797 |    387 |    650 |      0 |   5 |  636.8 |
               +--------+--------+--------+--------+--------+-----+--------+

Top non-repeatable levels by time:
     D:4: 936 daAuts
     D:1: 649 daAuts
     D:3: 618 daAuts
     D:2: 599 daAuts
     D:5: 381 daAuts
